 Dungeon Crawl Stone Soup version 0.28-a0-1510-gd0f6b136d3 (webtiles) character file.

Game seed: 9452364826118049964

43 Hasart the Insei (level 3, 0/23 HPs)
             Began as an Octopode Transmuter on Jan 14, 2022.
             Succumbed to a goblin's poison
             ... on level 2 of the Dungeon.
             The game lasted 00:02:24 (1747 turns).

Hasart the Insei (Octopode Transmuter)              Turns: 1747, Time: 00:02:25

Health: 0/23       AC:  1    Str:  9    XL:     3   Next: 58%
Magic:  6/6        EV: 13    Int: 17    God:
Gold:   31         SH:  0    Dex: 12    Spells: 5/6 levels left

rFire   . . .      SeeInvis .     - Unarmed
rCold   . . .      Faith    .   (no shield)
rNeg    . . .      Spirit   .   (helmet restricted)
rPois   .          Reflect  .   (no amulet)
rElec   .          Harm     .   (no ring)
rCorr   .          Rampage  .   (no ring)
Will    .....                   (no ring)
Stlth   ++........              (no ring)
HPRegen 0.07/turn               (no ring)
MPRegen 0.10/turn               (no ring)
                                (no ring)
                                (no ring)

@: mighty, lethally poisoned (0 -> -4)
A: almost no armour, amphibious, 8 rings, camouflage 1, gelatinous body 1,
(nimble swimmer 1), tentacles
a: no special abilities


You were on level 2 of the Dungeon.
You visited 1 branch of the dungeon, and saw 2 of its levels.

You collected 31 gold pieces.

Inventory:

Missiles
 b - 5 poisoned darts
Scrolls
 a - a scroll of fear {unknown}
 d - a scroll of noise {unknown}


   Skills:
 + Level 1.4 Fighting
 + Level 0.5 Throwing
 + Level 2.3 Dodging
 * Level 3.5 Unarmed Combat
 + Level 2.2 Spellcasting
 + Level 2.3 Transmutations


You had 5 spell levels left.
You knew the following spells:

 Your Spells              Type           Power      Damage    Failure   Level
a - Beastly Appendage     Tmut           18%        N/A       7%          1

Your spell library contained the following spells:

 Spells                   Type           Power      Damage    Failure   Level
 Wereblood                Tmut           9%         N/A       11%         2
 Spider Form              Tmut/Pois      5%         N/A       34%         3
 Ice Form                 Ice/Tmut       5%         N/A       75%         4


Dungeon Overview and Level Annotations

Branches:
Dungeon (2/15)

Altars:


Innate Abilities, Weirdness & Mutations

You cannot wear most types of armour.
You are amphibious.
You can wear up to eight rings at the same time.
Your skin changes colour to match your surroundings (Stealth+).
Your rubbery body absorbs attacks. (AC +1, EV +1)
((You are camouflaged when in or above water. (Stealth+)))
You have tentacles for arms and can constrict up to eight enemies at once.


Message History

The giant cockroach is severely wounded.
The bat barely misses you. The bat hits you but does no damage.
The giant cockroach bites you.
You completely miss the giant cockroach.
You grab the giant cockroach. You squeeze the giant cockroach.
You kill the giant cockroach!
The bat hits you.
You barely miss the bat. You grab the bat.
You constrict the bat, but do no damage.
The bat hits you.
The bat struggles to escape constriction. x2
You tentacle-slap the bat.
You kill the bat!
No target in view!
No target in view!
A goblin comes into view.
It is wielding a +2 dagger of venom and quivering poisoned darts.
You see here a bat corpse.
The goblin hits you with a +2 dagger of venom.
You are lethally poisoned!
You barely miss the goblin. You grab the goblin.
You squeeze the goblin, but do no damage.
You constrict the goblin.
You feel very sick.
The goblin hits you with a +2 dagger of venom.
You tentacle-slap the goblin.
You kill the goblin!
* * * LOW HITPOINT WARNING * * *
You feel sick.
* * * LOW HITPOINT WARNING * * *
You feel sick.
Things that are here:
a +2 dagger of venom; 3 poisoned darts It was a potion of might.
You feel very mighty all of a sudden.
* * * LOW HITPOINT WARNING * * *
You feel sick.
Unknown command.
* * * LOW HITPOINT WARNING * * *
You feel sick.
You die...

.# #########.#
#.).#.#.#.#
#†.#.##.#
##†.#.#.#
##..##.# ##@.#.#
##...######
#..#......#
#..##....).#
#..# #....†.#
#..# ##...>.#
...# #.....)#
#########......#
...............#


There were no monsters in sight!

Vanquished Creatures
  An adder (D:2)
  A dart slug (D:1)
  6 ball pythons (D:1)
  4 endoplasms (D:1)
  A giant cockroach (D:2)
  2 goblins
  3 hobgoblins
  2 jackals (D:1)
  4 bats
  2 frilled lizards
  3 kobolds
  A rat (D:1)
30 creatures vanquished.

Notes
Turn   | Place    | Note
-------+----------+-------------------------------------------
     0 | D:1      | Hasart the Octopode Transmuter began the quest for the Orb.
     0 | D:1      | Reached XP level 1. HP: 13/13 MP: 3/3
   337 | D:1      | Reached XP level 2. HP: 13/18 MP: 3/5
  1215 | D:1      | Reached XP level 3. HP: 22/23 MP: 6/6
  1746 | D:2      | HP: 1/23 [poisoned by a goblin]
  1747 | D:2      | Succumbed to a goblin's poison

Illustrated notes

Levels and vault maps discovered:
D:1:      eino_arrival_tree_alley, layout_basic, minmay_strange_pillars,
          minivault_25
D:2:      minmay_diamond_boxcup, layout_rooms, chequers_serial_rivers_micro_b

Action                   || total
-------------------------++-------
Melee: Unarmed           ||    70
       Constrict         ||    21
       Tentacles         ||    13
       Kick              ||     2
 Cast: Beastly Appendage ||     2
  Use: Potion            ||     1
 Stab: Sleeping          ||     6
Armor: Skin              ||    14
Dodge: Dodged            ||    54

Table legend: (Time is in decaauts)
 A = Elapsed time spent in this place.
 B = Non-inter-level travel time spent in this place.
 C = Inter-level travel time spent in this place.
 D = Time resting spent in this place.
 E = Time spent auto-exploring this place.
 F = Levels seen in this place.
 G = Mean time per level.
                   A        B        C        D        E       F      G
               +--------+--------+--------+--------+--------+-----+--------+
         Total |   1742 |   1685 |     57 |    142 |   1359 |   2 |  871.0 |
       Dungeon |   1742 |   1685 |     57 |    142 |   1359 |   2 |  871.0 |
               +--------+--------+--------+--------+--------+-----+--------+

Top non-repeatable levels by time:
     D:1: 1613 daAuts
     D:2: 129 daAuts
